 Dungeon Crawl Stone Soup version 0.28-a0-863-g8cecda6153 (webtiles) character file.

Game seed: 5665399745605403582

32 AvatarAndi78 the Skirmisher (level 3, -9/25 (29) HPs)
             Began as a Demonspawn Abyssal Knight on Nov 18, 2021.
             Was a Follower of Lugonu.
             Mangled by an ogre (34 damage)
             ... on level 5 of the Dungeon.
             The game lasted 00:03:10 (1469 turns).

AvatarAndi78 the Skirmisher (DsAK)                  Turns: 1469, Time: 00:03:11

HP:   -9/25 (29)    AC:  6    Str: 13    XL:     3   Next: 10%
MP:   4/4           EV: 10    Int: 11    God:    Lugonu [*.....]
Gold: 120           SH:  0    Dex: 14    Spells: 2/2 levels left

rFire   . . .      SeeInvis .   a - +1 hand axe
rCold   . . .      Faith    .   (no shield)
rNeg    . . .      Spirit   .   c - +0 ring mail
rPois   .          Reflect  .   (no helmet)
rElec   .          Harm     .   f - scarf {+Inv}
rCorr   .          Rampage  .   d - +0 pair of gloves
Will    .....                   (no boots)
Stlth   +.........              (no amulet)
HPRegen 0.08/turn               (no ring)
MPRegen 0.09/turn               (no ring)

@: heavily drained
A: claws 1
a: Renounce Religion, Evoke Invisibility, Depart the Abyss


You were on level 5 of the Dungeon.
You worshipped Lugonu.
Lugonu was aware of your devotion.
You visited 1 branch of the dungeon, and saw 4 of its levels.
You visited the Abyss 1 time.

You collected 169 gold pieces.
You spent 49 gold pieces at shops.

Inventory:

Hand Weapons
 a - a +1 hand axe (weapon)
Missiles
 i - a throwing net
Armour
 c - a +0 ring mail (worn)
 d - a +0 pair of gloves (worn)
 f - a scarf of invisibility (worn)
Scrolls
 b - a scroll of teleportation {unknown}
 g - a scroll of magic mapping
 h - a scroll of amnesia {unknown}
Potions
 e - a potion of resistance {unknown}


   Skills:
 + Level 3.6 Fighting
 + Level 2.0 Axes
 + Level 2.3 Armour
 + Level 1.1 Dodging
 + Level 0.2 Stealth
 + Level 2.4 Invocations


You had 2 spell levels left.
You didn't know any spells.
Your spell library contained the following spells:

 Spells                   Type           Power      Damage    Failure   Level
 Gell's Gravitas          Tloc           0%         N/A       92%         3
 Teleport Other           Tloc           0%         N/A       92%         3
 Dispersal                Tloc           0%         N/A       100%        6


Dungeon Overview and Level Annotations

Branches:
Dungeon (3/15)

Altars:

Shops:
D:2 ([*(?


Innate Abilities, Weirdness & Mutations

You have sharp fingernails.


Message History

Found Igymaplu's Antique Weapon Shoppe.
There is an entrance to Igymaplu's Antique Weapon Shoppe here.
You open the door.
Found Behox's Armour Emporium.
There is an open door here.
There is an entrance to Behox's Armour Emporium here.
There is an open door here.
You open the door.
There is an open door here.
Done exploring.
Done exploring.
No target in view!
No target in view!
No target in view!
There is an open door here.
There is a stone staircase leading down here.
You climb downwards.
There is a stone staircase leading up here.
The bat barely misses you.
You barely miss the bat. The bat hits you.
You hit the bat.
You kill the bat!
Lugonu accepts your kill.
No target in view!
Found a stone staircase leading down.
No target in view!
Found a flail.
No target in view!
A goblin comes into view. It is wielding a +0 dagger.
A giant cockroach comes into view.
You fall into a shaft and drop 2 floors!
The shaft crumbles and collapses.
An ogre comes into view. It is wielding a +0 giant spiked club.
The ogre shouts!
You feel drained.
You fail to use your ability.
You hit the ogre.
The ogre is lightly wounded.
The ogre hits you with a +0 giant spiked club!!
Ouch! That really hurt!
You die...

#.##.##..##+##
.................
................
#..............
#.....# .....#
#.....# .....#
#.....##.....##
#.....O.......#
#......@......+
#.....##.....##
#.....# ######
#.....# #.....#
#...... #......
+.....


You could see an ogre.

Vanquished Creatures
  An adder (D:2)
  A dart slug (D:2)
  3 bats
  A giant cockroach (D:1)
  3 hobgoblins
  A quokka (D:1)
  4 ball pythons (D:1)
  2 frilled lizards (D:1)
  2 goblins (D:1)
  2 kobolds (D:1)
  4 rats
24 creatures vanquished.

Notes
Turn   | Place    | Note
-------+----------+-------------------------------------------
     0 | Abyss:1  | AvatarAndi78 the Demonspawn Abyssal Knight began the quest
                  | for the Orb.
     0 | Abyss:1  | Reached XP level 1. HP: 18/18 MP: 2/2
     0 | D:1      | Escaped the Abyss
    56 | D:1      | Reached skill level 1 in Dodging
   180 | D:1      | Reached * piety under Lugonu
   301 | D:1      | Found a faded altar of an unknown god.
   464 | D:1      | Gained mutation: You have sharp fingernails. [demonic
                  | ancestry]
   464 | D:1      | Reached XP level 2. HP: 18/24 MP: 3/3
  1098 | D:2      | Found Womuiba's Magic Scroll Shoppe.
  1101 | D:2      | Bought a scroll of magic mapping for 49 gold pieces
  1150 | D:2      | Found Tucewi Pesme's Weapon Boutique.
  1181 | D:2      | Reached XP level 3. HP: 29/29 MP: 4/4
  1184 | D:2      | Found Nipset's Assorted Antiques.
  1306 | D:2      | Found Igymaplu's Antique Weapon Shoppe.
  1321 | D:2      | Found Behox's Armour Emporium.
  1463 | D:3      | You fall into a shaft and drop 2 floors!
  1463 | D:5      | Entered Level 5 of the Dungeon
  1463 | D:5      | Noticed an ogre
  1469 | D:5      | Mangled by an ogre

Illustrated notes

Levels and vault maps discovered:
D:1:      dpeg_arrival_renting, layout_basic, hellmonk_ecumenical_altar_run_dry
D:2:      layout_basic, serial_shops, nicolae_shop_bloodbath_and_beyond,
          nicolae_shop_behind_doors, nicolae_shop_window_shopping,
          shop_fountains, shop, chequers_garden, hex_medium
D:3:      layout_rooms, grunt_ministairs_15, feat_on_display
D:5:      layout_gridville, uniq_duvessa

Skill      XL: |  1  2 |
---------------+-------+-----
Dodging        | 1 |  1.1
Armour         | 2 |  2.3
Axes           | 2 |  2.0
Fighting       | |  3.6
Stealth        | |  0.2
Invocations    | |  2.4

Action                   || total
-------------------------++-------
Melee: Hand axe          ||    70
Invok: Depart the Abyss  ||     1
Armor: Leather armour    ||     6
       Ring mail         ||    16
Dodge: Dodged            ||    47

Table legend: (Time is in decaauts)
 A = Elapsed time spent in this place.
 B = Non-inter-level travel time spent in this place.
 C = Inter-level travel time spent in this place.
 D = Time resting spent in this place.
 E = Time spent auto-exploring this place.
 F = Levels seen in this place.
 G = Mean time per level.
                   A        B        C        D        E       F      G
               +--------+--------+--------+--------+--------+-----+--------+
         Total |   1482 |   1442 |     40 |      0 |   1234 |   5 |  296.4 |
       Dungeon |   1482 |   1442 |     40 |      0 |   1234 |   4 |  370.5 |
         Abyss |      0 |      0 |      0 |      0 |      0 |   1 |    0.0 |
               +--------+--------+--------+--------+--------+-----+--------+

Top non-repeatable levels by time:
     D:1: 1022 daAuts
     D:2: 411 daAuts
     D:3: 42 daAuts
     D:5: 5 daAuts
